Red Wings vs Jets
Created - 6 mars 2014 at 20:19
Goals
|
| Red Wings |
1 |
1 |
1 |
3 |
| Jets |
0 |
1 |
3 |
4 |
|
Shots
|
| Red Wings |
9 |
9 |
16 |
34 |
| Jets |
5 |
10 |
12 |
27 |
|
1st period
1. Red Wings , Martin Havlat 38 (Jason Spezza) at 17:01 (PP)
Penalties :
Adam Burish (Win) for Interference (Minor) at 11:04, Adam Burish (Win) for Interference (Minor) at 16:53
2nd period
2. Jets , Benoit Pouliot 25 (Jason Allison, Dmitri Kalinin) at 4:19
3. Red Wings , Mike Richards 17 (Rick Nash) at 11:13 (PP)
Penalties :
Jason Allison (Win) for Hooking (Minor) at 9:21, Greg Campbell (Win) for Tripping (Minor) at 16:07
3rd period
4. Jets , Jussi Jokinen 26 (Jason Allison, Daniel Alfredsson) at 0:20 (PP)
5. Jets , Jussi Jokinen 27 (Michal Rozsival, Maxime Daigneault) at 11:18
6. Red Wings , Rick Nash 27 (Jason Spezza, Martin Havlat) at 13:44 (PP)
7. Jets , Jason Allison 28 (Benoit Pouliot, Michal Rozsival) at 14:36
Penalties :
Kim Johnsson (Det) for High sticking (Minor) at 0:03, Greg Campbell (Win) for Tripping (Minor) at 13:30
Goalie Stats
Jonathan Quick (Det), 23 saves from 27 shots - (0,852), L, 20-17-6, 59:17 minutes
Maxime Daigneault (Win), 31 saves from 34 shots - (0,912), W, 24-17-4, 60:00 minutes
Players Stats for Red Wings
Player Name G A P +/- PIM S H SB GA TA FO MP PP MP PK MP
------------------------------------------------------------------------------------
Brian Sutherby 0 0 0 -1 0 3 0 0 0 0 2/4 10:08 0:00 0:00
Christian Backman 0 0 0 -1 0 1 0 1 0 2 0/0 13:29 0:00 0:17
Christian Laflamme 0 0 0 -1 0 0 0 0 0 0 0/0 13:12 0:00 0:00
Donald Brashear 0 0 0 -1 0 1 3 0 0 0 0/0 15:52 2:41 0:00
Glen Murray 0 0 0 -1 0 1 0 0 1 0 0/0 15:52 2:41 0:00
Jason Spezza 0 2 2 -1 0 3 1 0 1 0 17/25 20:13 3:22 0:17
Kim Johnsson 0 0 0 0 2 1 2 2 0 1 0/0 27:12 3:26 0:00
Lubos Bartecko 0 0 0 -1 0 0 1 0 1 0 0/0 10:58 0:06 0:00
Martin Havlat 1 1 2 -1 0 6 2 0 0 0 0/0 19:56 3:22 0:00
Maxim Kondratiev 0 0 0 -2 0 0 1 1 0 0 0/0 19:18 2:46 0:00
Mike Richards 1 0 1 0 0 3 2 0 0 1 2/10 13:47 0:09 0:00
Nathan Horton 0 0 0 0 0 2 1 0 0 1 0/0 12:54 0:00 0:00
Paul Martin 0 0 0 -2 0 1 1 0 1 1 0/0 19:18 2:46 0:00
Peter Schaefer 0 0 0 -1 0 0 0 1 1 0 0/0 10:08 0:00 0:00
Rick Nash 1 1 2 -1 0 5 1 0 0 1 0/1 20:16 3:25 0:17
Sean Bergenheim 0 0 0 0 0 1 0 0 0 0 0/0 13:47 0:09 0:00
Shawn Horcoff 0 0 0 -1 0 4 1 0 0 0 3/8 15:52 2:41 0:00
Shea Weber 0 0 0 0 0 2 2 1 0 1 0/0 27:30 3:26 0:17
Players Stats for Jets
Player Name G A P +/- PIM S H SB GA TA FO MP PP MP PK MP
------------------------------------------------------------------------------------
Adam Burish 0 0 0 0 4 0 2 0 0 0 0/0 15:28 0:00 0:35
Benoit Pouliot 1 1 2 2 0 3 0 0 3 0 0/0 19:45 0:00 1:57
Colin White 0 0 0 0 0 0 1 2 2 0 0/0 15:20 0:00 3:22
Daniel Alfredsson 0 1 1 2 0 1 0 0 0 0 1/2 22:51 0:17 3:11
Derek Roy 0 0 0 1 0 2 1 2 1 0 6/7 15:23 0:00 2:09
Dmitri Kalinin 0 1 1 1 0 3 0 4 1 1 0/0 23:17 0:00 2:50
Eric Brewer 0 0 0 2 0 2 0 0 0 1 0/0 21:32 0:17 0:08
Fredrik Sjostrom 0 0 0 0 0 3 0 0 0 1 0/0 9:10 0:00 0:29
Greg Campbell 0 0 0 0 4 1 3 1 0 0 2/5 12:20 0:00 1:54
Jason Allison 1 2 3 2 2 3 0 1 0 0 11/26 18:48 0:17 0:44
Jussi Jokinen 2 0 2 0 0 2 2 0 0 0 1/3 13:14 0:17 0:00
Kristian Huselius 0 0 0 1 0 2 0 0 0 0 0/0 12:09 0:00 0:00
Kyle Wellwood 0 0 0 0 0 1 0 0 0 0 3/5 14:10 0:00 1:25
Marek Zidlicky 0 0 0 0 0 0 0 0 1 0 0/0 14:03 0:00 0:00
Michal Rozsival 0 2 2 2 0 2 1 0 0 2 0/0 23:46 0:17 2:33
Mike Commodore 0 0 0 1 0 1 0 1 0 0 0/0 22:02 0:00 3:31
Miroslav Satan 0 0 0 0 0 0 1 0 0 0 0/0 8:16 0:00 0:00
Tuomo Ruutu 0 0 0 1 0 1 1 1 0 0 0/0 12:09 0:00 0:00
3 Stars
1 - Jussi Jokinen (Win)
2 - Jason Allison (Win)
3 - Benoit Pouliot (Win)
Power Play
Red Wings - 3 on 5 Attempt(s) - 60,00%
Jets - 1 on 1 Attempt(s) - 100,00%
Penalty Kill
Red Wings - 0 on 1 Attempt(s) - 0,00%
- Score 0 goal in Penalty Kill
Jets - 2 on 5 Attempt(s) - 40,00%
- Score 0 goal in Penalty Kill
Official
Referees : Walkom Stephen and O'Rourke Dan
Linesman : Shane Heyer and Michel Cormier
Game Notes
No Game Note
Finance
Level 1 -- Attendance: 6000 (100,00%) -- Ticket Income 462 000 $
Level 2 -- Attendance: 4567 (91,34%) -- Ticket Income 219 216 $
Level 3 -- Attendance: 1780 (89,00%) -- Ticket Income 51 620 $
Level 4 -- Attendance: 3754 (93,85%) -- Ticket Income 71 326 $
Luxury Box -- Attendance: 890 (89,00%) -- Ticket Income 146 850 $
Game was played at the MTS Center
Total Attendance: 16991 (94,39%)
Total Ticket Income: 951 012 $
Other Income: 142 652 $
Total Income: 1 093 664 $
Red Wings
5 vs 5 Forward
Center Left Wing Right Wing Time % Phy DF OF
1 Jason Spezza Rick Nash Martin Havlat 40 1 2 2
2 Shawn Horcoff Donald Brashear Glen Murray 30 1 2 2
3 Mike Richards Sean Bergenheim Nathan Horton 20 1 2 2
4 Brian Sutherby Peter Schaefer Lubos Bartecko 10 1 2 2
5 vs 5 Defense
Defense Defense Time % Phy DF OF
1 Kim Johnsson Shea Weber 40 1 2 2
2 Paul Martin Maxim Kondratiev 30 1 2 2
3 Christian Laflamme Christian Backman 20 1 2 2
4 Kim Johnsson Shea Weber 10 1 2 2
PowerPlay Forward
Center Left Wing Right Wing Time % Phy DF OF
1 Jason Spezza Rick Nash Martin Havlat 60 1 2 2
2 Shawn Horcoff Donald Brashear Glen Murray 40 1 2 2
PowerPlay Defense
Defense Defense Time % Phy DF OF
1 Kim Johnsson Shea Weber 60 1 2 2
2 Paul Martin Maxim Kondratiev 40 1 2 2
Penalty Kill 4 Players Forward
Center Wing Time % Phy DF OF
1 Jason Spezza Rick Nash 60 1 2 2
2 Martin Havlat Donald Brashear 40 1 2 2
Penalty Kill 4 Players Defense
Defense Defense Time % Phy DF OF
1 Kim Johnsson Shea Weber 60 1 2 2
2 Paul Martin Maxim Kondratiev 40 1 2 2
Penalty Kill - 3 Players Forward
Forward Time % Phy DF OF
1 Jason Spezza 60 1 2 2
2 Rick Nash 40 1 2 2
Penalty Kill - 3 Players Defense
Defense Defense Time % Phy DF OF
1 Kim Johnsson Shea Weber 60 1 2 2
2 Paul Martin Maxim Kondratiev 40 1 2 2
4 vs 4 Forward
Center Wing Time % Phy DF OF
1 Jason Spezza Rick Nash 60 1 2 2
2 Martin Havlat Donald Brashear 40 1 2 2
4 vs 4 Defense
Defense Defense Time % Phy DF OF
1 Kim Johnsson Shea Weber 60 1 2 2
2 Paul Martin Maxim Kondratiev 40 1 2 2
Last Minutes Offensive
Center Left Wing Right Wing Defense Defense
Jason Spezza Rick Nash Martin Havlat Kim Johnsson Shea Weber
Last Minutes Defensive
Center Left Wing Right Wing Defense Defense
Jason Spezza Rick Nash Martin Havlat Kim Johnsson Shea Weber
Goaltenders
Starting : Jonathan Quick
Backup : Robert Esche
Extra Forwards
Normal : Mike Richards, Sean Bergenheim, Nathan Horton - PP : Mike Richards, Sean Bergenheim - PK : Nathan Horton
Extra Defensemen
Normal : Christian Laflamme, Christian Backman, Paul Martin - PP : Christian Laflamme - PK : Christian Backman, Paul Martin
Penalty Shots
Jason Spezza, Rick Nash, Martin Havlat, Donald Brashear, Glen Murray
Jets
5 vs 5 Forward
Center Left Wing Right Wing Time % Phy DF OF
1 Jason Allison Benoit Pouliot Daniel Alfredsson 40 1 2 2
2 Kyle Wellwood Jussi Jokinen Adam Burish 25 1 2 2
3 Derek Roy Kristian Huselius Tuomo Ruutu 25 1 2 2
4 Greg Campbell Fredrik Sjostrom Miroslav Satan 10 1 2 2
5 vs 5 Defense
Defense Defense Time % Phy DF OF
1 Michal Rozsival Eric Brewer 40 2 2 1
2 Dmitri Kalinin Mike Commodore 30 2 2 1
3 Colin White Marek Zidlicky 20 2 2 1
4 Marek Zidlicky Dmitri Kalinin 10 2 2 1
PowerPlay Forward
Center Left Wing Right Wing Time % Phy DF OF
1 Jason Allison Jussi Jokinen Daniel Alfredsson 60 0 0 5
2 Kyle Wellwood Benoit Pouliot Derek Roy 40 0 0 5
PowerPlay Defense
Defense Defense Time % Phy DF OF
1 Michal Rozsival Eric Brewer 50 0 1 4
2 Dmitri Kalinin Marek Zidlicky 50 0 1 4
Penalty Kill 4 Players Forward
Center Wing Time % Phy DF OF
1 Greg Campbell Daniel Alfredsson 60 0 4 1
2 Kyle Wellwood Adam Burish 40 0 4 1
Penalty Kill 4 Players Defense
Defense Defense Time % Phy DF OF
1 Colin White Mike Commodore 60 0 5 0
2 Michal Rozsival Dmitri Kalinin 40 0 5 0
Penalty Kill - 3 Players Forward
Forward Time % Phy DF OF
1 Daniel Alfredsson 60 0 5 0
2 Greg Campbell 40 0 5 0
Penalty Kill - 3 Players Defense
Defense Defense Time % Phy DF OF
1 Mike Commodore Colin White 60 0 5 0
2 Eric Brewer Dmitri Kalinin 40 0 5 0
4 vs 4 Forward
Center Wing Time % Phy DF OF
1 Jason Allison Benoit Pouliot 60 1 2 2
2 Kyle Wellwood Daniel Alfredsson 40 1 2 2
4 vs 4 Defense
Defense Defense Time % Phy DF OF
1 Michal Rozsival Eric Brewer 60 1 3 1
2 Marek Zidlicky Dmitri Kalinin 40 1 3 1
Last Minutes Offensive
Center Left Wing Right Wing Defense Defense
Jason Allison Benoit Pouliot Daniel Alfredsson Michal Rozsival Eric Brewer
Last Minutes Defensive
Center Left Wing Right Wing Defense Defense
Greg Campbell Daniel Alfredsson Adam Burish Colin White Mike Commodore
Goaltenders
Starting : Maxime Daigneault
Backup : Ilya Bryzgalov
Extra Forwards
Normal : Jason Allison, Daniel Alfredsson, Jussi Jokinen - PP : Kyle Wellwood, Daniel Alfredsson - PK : Daniel Alfredsson
Extra Defensemen
Normal : Mike Commodore, Michal Rozsival, Colin White - PP : Michal Rozsival - PK : Colin White, Michal Rozsival
Penalty Shots
Adam Burish, Tuomo Ruutu, Daniel Alfredsson, Jason Allison, Benoit Pouliot
% Time on Ice - Red Wings
Lines # - Real PCT - Wanted PCT - Time Play
Normal Forward
1 - 33% - 40% - 17:18
2 - 25% - 30% - 13:11
3 - 22% - 20% - 11:41
4 - 19% - 10% - 10:08
Normal Defense
1 - 39% - 40% - 20:39
2 - 32% - 30% - 16:32
3 - 23% - 20% - 12:08
4 - 6% - 10% - 2:59
PP Forward
1 - 57% - 60% - 3:31
2 - 43% - 40% - 2:41
PP Defense
1 - 55% - 60% - 3:26
2 - 45% - 40% - 2:46
PK Forward
1 - 100% - 60% - 0:17
2 - 0% - 40% - 0:00
PK Defense
1 - 100% - 60% - 0:17
2 - 0% - 40% - 0:00
PK3 Forward
1 - 0% - 60%
2 - 0% - 40%
PK3 Defense
1 - 0% - 60%
2 - 0% - 40%
44 Forward
1 - 0% - 60%
2 - 0% - 40%
44 Defense
1 - 0% - 60%
2 - 0% - 40%
Last Minute Offensive - 1:13
Last Minute Defensive - 0:00
Total
Forward - 60:00
Defense - 60:00
|
% Time on Ice - Jets
Lines # - Real PCT - Wanted PCT - Time Play
Normal Forward
1 - 37% - 40% - 19:09
2 - 24% - 25% - 12:45
3 - 23% - 25% - 12:09
4 - 16% - 10% - 8:16
Normal Defense
1 - 41% - 40% - 21:22
2 - 31% - 30% - 16:15
3 - 20% - 20% - 10:15
4 - 9% - 10% - 4:27
PP Forward
1 - 100% - 60% - 0:17
2 - 0% - 40% - 0:00
PP Defense
1 - 100% - 50% - 0:17
2 - 0% - 50% - 0:00
PK Forward
1 - 81% - 60% - 5:01
2 - 19% - 40% - 1:11
PK Defense
1 - 59% - 60% - 3:39
2 - 41% - 40% - 2:33
PK3 Forward
1 - 0% - 60%
2 - 0% - 40%
PK3 Defense
1 - 0% - 60%
2 - 0% - 40%
44 Forward
1 - 0% - 60%
2 - 0% - 40%
44 Defense
1 - 0% - 60%
2 - 0% - 40%
Last Minute Offensive - 0:00
Last Minute Defensive - 1:12
Total
Forward - 60:00
Defense - 60:00
|
Play by Play
1st period
0:01 of 1st period - Jason Allison wins face-off versus Jason Spezza in neutral zone.
0:40 of 1st period - Wrist shot by Rick Nash.
0:40 of 1st period - Shot Misses the Net.
0:42 of 1st period - Snap shot by Rick Nash.
0:42 of 1st period - Shot Misses the Net.
0:44 of 1st period - Snap shot by Rick Nash.
0:44 of 1st period - Shot Misses the Net.
0:46 of 1st period - Slapshot by Shea Weber.
0:46 of 1st period - Stopped by Maxime Daigneault with a rebound.
0:48 of 1st period - Slapshot by Martin Havlat.
0:48 of 1st period - Stopped by Maxime Daigneault with a rebound.
0:50 of 1st period - Slapshot by Shea Weber.
0:50 of 1st period - Shot Blocked by Dmitri Kalinin.
0:58 of 1st period - Wrist shot by Jason Spezza.
0:58 of 1st period - Shot Blocked by Derek Roy.
1:12 of 1st period - Backhand shot by Martin Havlat.
1:12 of 1st period - Shot Misses the Net.
1:14 of 1st period - Slapshot by Kim Johnsson.
1:14 of 1st period - Shot Blocked by Dmitri Kalinin.
1:38 of 1st period - Snap shot by Jason Spezza.
1:38 of 1st period - Shot Blocked by Dmitri Kalinin.
1:40 of 1st period - Snap shot by Rick Nash.
1:40 of 1st period - Stopped by Maxime Daigneault with a rebound.
1:42 of 1st period - Wrist shot by Rick Nash.
1:42 of 1st period - Stopped by Maxime Daigneault without a rebound.
1:43 of 1st period - Kyle Wellwood wins face-off versus Shawn Horcoff in Jets zone.
2:14 of 1st period - Off-side.
2:15 of 1st period - Jason Allison wins face-off versus Mike Richards in neutral zone.
2:20 of 1st period - Snap shot by Benoit Pouliot.
2:20 of 1st period - Stopped by Jonathan Quick with a rebound.
2:32 of 1st period - Wrist shot by Jason Allison.
2:32 of 1st period - Stopped by Jonathan Quick with a rebound.
3:14 of 1st period - Michal Rozsival is hit by Lubos Bartecko and loses puck.
3:31 of 1st period - Snap shot by Sean Bergenheim.
3:31 of 1st period - Stopped by Maxime Daigneault with a rebound.
5:08 of 1st period - Slapshot by Fredrik Sjostrom.
5:08 of 1st period - Stopped by Jonathan Quick with a rebound.
5:10 of 1st period - Snap shot by Greg Campbell.
5:10 of 1st period - Shot Misses the Net.
5:54 of 1st period - Wrist shot by Peter Schaefer.
5:54 of 1st period - Deflect By Lubos Bartecko.
5:54 of 1st period - Shot Misses the Net.
5:54 of 1st period - Puck is out of play.
5:55 of 1st period - Brian Sutherby wins face-off versus Kyle Wellwood in Jets zone.
6:20 of 1st period - Christian Laflamme is hit by Michal Rozsival.
6:41 of 1st period - Snap shot by Greg Campbell.
6:41 of 1st period - Stopped by Jonathan Quick with a rebound.
6:48 of 1st period - Icing by Jason Spezza.
6:49 of 1st period - Jason Spezza wins face-off versus Jason Allison in Red Wings zone.
6:58 of 1st period - Snap shot by Benoit Pouliot.
6:58 of 1st period - Shot Misses the Net.
7:04 of 1st period - Slapshot by Jason Spezza.
7:04 of 1st period - Shot Misses the Net.
7:06 of 1st period - Wrist shot by Martin Havlat.
7:06 of 1st period - Shot Blocked by Colin White.
7:08 of 1st period - Slapshot by Kim Johnsson.
7:08 of 1st period - Stopped by Maxime Daigneault with a rebound.
7:10 of 1st period - Slapshot by Shea Weber.
7:10 of 1st period - Stopped by Maxime Daigneault with a rebound.
7:12 of 1st period - Slapshot by Jason Spezza.
7:12 of 1st period - Stopped by Maxime Daigneault without a rebound.
7:13 of 1st period - Kyle Wellwood wins face-off versus Shawn Horcoff in Jets zone.
7:22 of 1st period - Backhand shot by Shawn Horcoff.
7:22 of 1st period - Shot Misses the Net.
7:40 of 1st period - Kristian Huselius is hit by Nathan Horton and loses puck.
7:45 of 1st period - Snap shot by Mike Richards.
7:45 of 1st period - Shot Blocked by Tuomo Ruutu.
8:35 of 1st period - Brian Sutherby is hit by Miroslav Satan and loses puck.
8:57 of 1st period - Wrist shot by Donald Brashear.
8:57 of 1st period - Shot Misses the Net.
9:35 of 1st period - Snap shot by Sean Bergenheim.
9:35 of 1st period - Shot Misses the Net.
10:36 of 1st period - Wrist shot by Derek Roy.
10:36 of 1st period - Shot Misses the Net.
10:38 of 1st period - Wrist shot by Dmitri Kalinin.
10:38 of 1st period - Stopped by Jonathan Quick without a rebound.
10:39 of 1st period - Mike Richards wins face-off versus Kyle Wellwood in Red Wings zone.
11:04 of 1st period - Minor Penalty to Adam Burish for Interference.
11:05 of 1st period - Jason Spezza wins face-off versus Greg Campbell in Jets zone.
11:52 of 1st period - Michal Rozsival is hit by Donald Brashear and loses puck.
13:04 of 1st period - Penalty to Adam Burish is over, Adam Burish is back on ice.
14:01 of 1st period - Daniel Alfredsson is hit by Kim Johnsson and loses puck.
14:24 of 1st period - Dmitri Kalinin is hit by Donald Brashear and loses puck.
14:35 of 1st period - Christian Laflamme is hit by Greg Campbell and loses puck.
16:32 of 1st period - Icing by Jussi Jokinen.
16:33 of 1st period - Jussi Jokinen wins face-off versus Mike Richards in Jets zone.
16:53 of 1st period - Minor Penalty to Adam Burish for Interference.
16:54 of 1st period - Jason Spezza wins face-off versus Greg Campbell in Jets zone.
17:01 of 1st period - Snap shot by Martin Havlat.
17:01 of 1st period - Goal by Martin Havlat - Red Wings : 1 - Jets : 0.
17:02 of 1st period - Jason Allison wins face-off versus Jason Spezza in neutral zone.
18:17 of 1st period - Lubos Bartecko is hit by Greg Campbell and loses puck.
18:44 of 1st period - Slapshot by Shea Weber.
18:44 of 1st period - Shot Blocked by Jason Allison.
19:29 of 1st period - Snap shot by Lubos Bartecko.
19:29 of 1st period - Shot Blocked by Colin White.
Goals for this period are 1 for Red Wings vs 0 for Jets.
Shots for this period are 9 for Red Wings vs 5 for Jets.
2nd period
0:01 of 2nd period - Jason Spezza wins face-off versus Jason Allison in neutral zone.
0:10 of 2nd period - Slapshot by Jason Allison.
0:10 of 2nd period - Stopped by Jonathan Quick with a rebound.
0:36 of 2nd period - Snap shot by Kyle Wellwood.
0:36 of 2nd period - Stopped by Jonathan Quick without a rebound.
0:37 of 2nd period - Jason Allison wins face-off versus Shawn Horcoff in Red Wings zone.
0:44 of 2nd period - Slapshot by Benoit Pouliot.
0:44 of 2nd period - Stopped by Jonathan Quick without a rebound.
0:45 of 2nd period - Shawn Horcoff wins face-off versus Jason Allison in Red Wings zone.
1:28 of 2nd period - Wrist shot by Shawn Horcoff.
1:28 of 2nd period - Stopped by Maxime Daigneault without a rebound.
1:29 of 2nd period - Jason Spezza wins face-off versus Jason Allison in Jets zone.
1:59 of 2nd period - Snap shot by Mike Richards.
1:59 of 2nd period - Deflect By Sean Bergenheim.
1:59 of 2nd period - Shot Blocked by Derek Roy.
1:59 of 2nd period - Puck is out of play.
2:00 of 2nd period - Derek Roy wins face-off versus Mike Richards in Jets zone.
2:35 of 2nd period - Wrist shot by Shawn Horcoff.
2:35 of 2nd period - Stopped by Maxime Daigneault without a rebound.
2:36 of 2nd period - Jason Spezza wins face-off versus Jason Allison in Jets zone.
3:12 of 2nd period - Wrist shot by Greg Campbell.
3:12 of 2nd period - Shot Blocked by Shea Weber.
3:28 of 2nd period - Jussi Jokinen is hit by Kim Johnsson and loses puck.
4:19 of 2nd period - Snap shot by Benoit Pouliot.
4:19 of 2nd period - Goal by Benoit Pouliot - Red Wings : 1 - Jets : 1.
4:20 of 2nd period - Jason Allison wins face-off versus Jason Spezza in neutral zone.
5:12 of 2nd period - Shea Weber is hit by Tuomo Ruutu and loses puck.
5:23 of 2nd period - Snap shot by Derek Roy.
5:23 of 2nd period - Stopped by Jonathan Quick without a rebound.
5:24 of 2nd period - Jason Spezza wins face-off versus Jason Allison in Red Wings zone.
5:49 of 2nd period - Christian Laflamme is hit by Adam Burish and loses puck.
6:59 of 2nd period - Snap shot by Brian Sutherby.
6:59 of 2nd period - Shot Misses the Net.
7:01 of 2nd period - Snap shot by Peter Schaefer.
7:01 of 2nd period - Shot Misses the Net.
7:13 of 2nd period - Glen Murray is hit by Jussi Jokinen and loses puck.
7:21 of 2nd period - Paul Martin is hit by Adam Burish and loses puck.
7:32 of 2nd period - Eric Brewer is hit by Mike Richards and loses puck.
7:37 of 2nd period - Wrist shot by Nathan Horton.
7:37 of 2nd period - Stopped by Maxime Daigneault without a rebound.
7:38 of 2nd period - Jason Spezza wins face-off versus Jason Allison in Jets zone.
7:43 of 2nd period - Snap shot by Martin Havlat.
7:43 of 2nd period - Shot Misses the Net.
7:53 of 2nd period - Slapshot by Marek Zidlicky.
7:53 of 2nd period - Shot Misses the Net.
8:03 of 2nd period - Colin White is hit by Donald Brashear and loses puck.
8:45 of 2nd period - Snap shot by Greg Campbell.
8:45 of 2nd period - Shot Misses the Net.
9:11 of 2nd period - Snap shot by Martin Havlat.
9:11 of 2nd period - Deflect By Rick Nash.
9:11 of 2nd period - Stopped by Maxime Daigneault with a rebound.
9:13 of 2nd period - Wrist shot by Martin Havlat.
9:13 of 2nd period - Stopped by Maxime Daigneault with a rebound.
9:15 of 2nd period - Wrist shot by Martin Havlat.
9:15 of 2nd period - Deflect By Michal Rozsival.
9:15 of 2nd period - Stopped by Maxime Daigneault with a rebound.
9:21 of 2nd period - Minor Penalty to Jason Allison for Hooking.
9:22 of 2nd period - Jason Spezza wins face-off versus Greg Campbell in Jets zone.
9:38 of 2nd period - Slapshot by Martin Havlat.
9:38 of 2nd period - Shot Blocked by Greg Campbell.
10:52 of 2nd period - Benoit Pouliot is hit by Shea Weber and loses puck.
11:13 of 2nd period - Snap shot by Mike Richards.
11:13 of 2nd period - Goal by Mike Richards - Red Wings : 2 - Jets : 1.
11:14 of 2nd period - Mike Richards wins face-off versus Jason Allison in neutral zone.
11:44 of 2nd period - Snap shot by Shawn Horcoff.
11:44 of 2nd period - Stopped by Maxime Daigneault without a rebound.
11:45 of 2nd period - Derek Roy wins face-off versus Shawn Horcoff in Jets zone.
11:52 of 2nd period - Shawn Horcoff is hit by Colin White and loses puck.
12:01 of 2nd period - Snap shot by Derek Roy.
12:01 of 2nd period - Shot Blocked by Maxim Kondratiev.
12:42 of 2nd period - Backhand shot by Benoit Pouliot.
12:42 of 2nd period - Shot Misses the Net.
13:02 of 2nd period - Snap shot by Brian Sutherby.
13:02 of 2nd period - Shot Misses the Net.
13:08 of 2nd period - Slapshot by Greg Campbell.
13:08 of 2nd period - Shot Hit the Post.
13:46 of 2nd period - Snap shot by Adam Burish.
13:46 of 2nd period - Shot Misses the Net.
13:48 of 2nd period - Snap shot by Dmitri Kalinin.
13:48 of 2nd period - Deflect By Kim Johnsson.
13:48 of 2nd period - Stopped by Jonathan Quick without a rebound.
13:49 of 2nd period - Kyle Wellwood wins face-off versus Rick Nash in Red Wings zone.
13:50 of 2nd period - Snap shot by Adam Burish.
13:50 of 2nd period - Shot Misses the Net.
14:33 of 2nd period - Wrist shot by Nathan Horton.
14:33 of 2nd period - Shot Misses the Net.
15:29 of 2nd period - Slapshot by Tuomo Ruutu.
15:29 of 2nd period - Shot Blocked by Kim Johnsson.
16:07 of 2nd period - Minor Penalty to Greg Campbell for Tripping.
16:08 of 2nd period - Derek Roy wins face-off versus Jason Spezza in Jets zone.
18:07 of 2nd period - Penalty to Greg Campbell is over, Greg Campbell is back on ice.
18:19 of 2nd period - Mike Richards is hit by Greg Campbell and loses puck.
18:32 of 2nd period - Snap shot by Greg Campbell.
18:32 of 2nd period - Shot Misses the Net.
18:34 of 2nd period - Snap shot by Derek Roy.
18:34 of 2nd period - Stopped by Jonathan Quick with a rebound.
18:36 of 2nd period - Slapshot by Eric Brewer.
18:36 of 2nd period - Stopped by Jonathan Quick with a rebound.
18:50 of 2nd period - Slapshot by Daniel Alfredsson.
18:50 of 2nd period - Stopped by Jonathan Quick without a rebound.
18:51 of 2nd period - Shawn Horcoff wins face-off versus Jussi Jokinen in Red Wings zone.
18:59 of 2nd period - Slapshot by Dmitri Kalinin.
18:59 of 2nd period - Stopped by Jonathan Quick with a rebound.
19:17 of 2nd period - Miroslav Satan is hit by Martin Havlat and loses puck.
19:34 of 2nd period - Snap shot by Paul Martin.
19:34 of 2nd period - Stopped by Maxime Daigneault without a rebound.
19:35 of 2nd period - Jason Allison wins face-off versus Brian Sutherby in Jets zone.
Goals for this period are 1 for Red Wings vs 1 for Jets.
Shots for this period are 9 for Red Wings vs 10 for Jets.
3rd period
0:01 of 3rd period - Jason Spezza wins face-off versus Jason Allison in neutral zone.
0:03 of 3rd period - Minor Penalty to Kim Johnsson for High sticking.
0:04 of 3rd period - Jason Spezza wins face-off versus Jussi Jokinen in Red Wings zone.
0:20 of 3rd period - Snap shot by Jussi Jokinen.
0:20 of 3rd period - Goal by Jussi Jokinen - Red Wings : 2 - Jets : 2.
0:21 of 3rd period - Jason Spezza wins face-off versus Jason Allison in neutral zone.
0:30 of 3rd period - Wrist shot by Michal Rozsival.
0:30 of 3rd period - Stopped by Jonathan Quick with a rebound.
0:32 of 3rd period - Backhand shot by Michal Rozsival.
0:32 of 3rd period - Deflect By Kim Johnsson.
0:32 of 3rd period - Stopped by Jonathan Quick with a rebound.
0:34 of 3rd period - Snap shot by Daniel Alfredsson.
0:34 of 3rd period - Shot Misses the Net.
0:36 of 3rd period - Wrist shot by Benoit Pouliot.
0:36 of 3rd period - Shot Misses the Net.
0:50 of 3rd period - Slapshot by Jussi Jokinen.
0:50 of 3rd period - Shot Misses the Net.
1:13 of 3rd period - Dmitri Kalinin is hit by Maxim Kondratiev and loses puck.
1:32 of 3rd period - Wrist shot by Martin Havlat.
1:32 of 3rd period - Stopped by Maxime Daigneault with a rebound.
1:34 of 3rd period - Wrist shot by Martin Havlat.
1:34 of 3rd period - Deflect By Jason Spezza.
1:34 of 3rd period - Shot Blocked by Dmitri Kalinin.
1:34 of 3rd period - Puck is out of play.
1:35 of 3rd period - Shawn Horcoff wins face-off versus Jason Allison in Jets zone.
1:36 of 3rd period - Wrist shot by Glen Murray.
1:36 of 3rd period - Stopped by Maxime Daigneault with a rebound.
1:40 of 3rd period - Snap shot by Shawn Horcoff.
1:40 of 3rd period - Stopped by Maxime Daigneault without a rebound.
1:41 of 3rd period - Jason Allison wins face-off versus Shawn Horcoff in Jets zone.
1:41 of 3rd period - Jason Allison is hit by Shea Weber.
2:33 of 3rd period - Snap shot by Brian Sutherby.
2:33 of 3rd period - Shot Misses the Net.
4:03 of 3rd period - Wrist shot by Adam Burish.
4:03 of 3rd period - Shot Misses the Net.
4:18 of 3rd period - Wrist shot by Fredrik Sjostrom.
4:18 of 3rd period - Stopped by Jonathan Quick with a rebound.
4:41 of 3rd period - Snap shot by Sean Bergenheim.
4:41 of 3rd period - Deflect By Mike Richards.
4:41 of 3rd period - Shot Misses the Net.
4:41 of 3rd period - Puck is out of play.
4:42 of 3rd period - Derek Roy wins face-off versus Jason Spezza in Jets zone.
4:42 of 3rd period - Derek Roy is hit by Rick Nash.
5:16 of 3rd period - Adam Burish is hit by Shawn Horcoff and loses puck.
5:21 of 3rd period - Snap shot by Donald Brashear.
5:21 of 3rd period - Stopped by Maxime Daigneault without a rebound.
5:22 of 3rd period - Jason Allison wins face-off versus Mike Richards in Jets zone.
5:48 of 3rd period - Kristian Huselius is hit by Jason Spezza.
7:33 of 3rd period - Wrist shot by Mike Richards.
7:33 of 3rd period - Stopped by Maxime Daigneault with a rebound.
7:35 of 3rd period - Snap shot by Mike Richards.
7:35 of 3rd period - Stopped by Maxime Daigneault without a rebound.
7:36 of 3rd period - Jason Allison wins face-off versus Mike Richards in Jets zone.
7:45 of 3rd period - Eric Brewer is hit by Paul Martin and loses puck.
8:12 of 3rd period - Icing by Maxim Kondratiev.
8:13 of 3rd period - Jason Allison wins face-off versus Mike Richards in Red Wings zone.
8:46 of 3rd period - Slapshot by Paul Martin.
8:46 of 3rd period - Shot Misses the Net.
8:48 of 3rd period - Snap shot by Maxim Kondratiev.
8:48 of 3rd period - Shot Misses the Net.
8:56 of 3rd period - Slapshot by Nathan Horton.
8:56 of 3rd period - Stopped by Maxime Daigneault without a rebound.
8:57 of 3rd period - Derek Roy wins face-off versus Jason Spezza in Jets zone.
10:35 of 3rd period - Snap shot by Brian Sutherby.
10:35 of 3rd period - Stopped by Maxime Daigneault without a rebound.
10:36 of 3rd period - Brian Sutherby wins face-off versus Jason Allison in Jets zone.
10:45 of 3rd period - Snap shot by Brian Sutherby.
10:45 of 3rd period - Stopped by Maxime Daigneault with a rebound.
10:47 of 3rd period - Slapshot by Peter Schaefer.
10:47 of 3rd period - Shot Misses the Net.
10:49 of 3rd period - Wrist shot by Lubos Bartecko.
10:49 of 3rd period - Shot Misses the Net.
11:18 of 3rd period - Wrist shot by Jussi Jokinen.
11:18 of 3rd period - Goal by Jussi Jokinen - Red Wings : 2 - Jets : 3.
11:19 of 3rd period - Jason Spezza wins face-off versus Jason Allison in neutral zone.
11:25 of 3rd period - Snap shot by Rick Nash.
11:25 of 3rd period - Stopped by Maxime Daigneault without a rebound.
11:26 of 3rd period - Jason Spezza wins face-off versus Jason Allison in Jets zone.
12:53 of 3rd period - Snap shot by Greg Campbell.
12:53 of 3rd period - Shot Blocked by Peter Schaefer.
12:57 of 3rd period - Snap shot by Fredrik Sjostrom.
12:57 of 3rd period - Shot Blocked by Christian Backman.
12:59 of 3rd period - Snap shot by Eric Brewer.
12:59 of 3rd period - Stopped by Jonathan Quick without a rebound.
13:00 of 3rd period - Greg Campbell wins face-off versus Brian Sutherby in Red Wings zone.
13:03 of 3rd period - Slapshot by Fredrik Sjostrom.
13:03 of 3rd period - Stopped by Jonathan Quick with a rebound.
13:17 of 3rd period - Wrist shot by Brian Sutherby.
13:17 of 3rd period - Stopped by Maxime Daigneault with a rebound.
13:19 of 3rd period - Slapshot by Kim Johnsson.
13:19 of 3rd period - Shot Misses the Net.
13:30 of 3rd period - Minor Penalty to Greg Campbell for Tripping.
13:31 of 3rd period - Daniel Alfredsson wins face-off versus Jason Spezza in Jets zone.
13:31 of 3rd period - Daniel Alfredsson is hit by Martin Havlat.
13:40 of 3rd period - Slapshot by Jason Spezza.
13:40 of 3rd period - Shot Blocked by Mike Commodore.
13:42 of 3rd period - Wrist shot by Jason Spezza.
13:42 of 3rd period - Stopped by Maxime Daigneault with a rebound.
13:44 of 3rd period - Snap shot by Rick Nash.
13:44 of 3rd period - Goal by Rick Nash - Red Wings : 3 - Jets : 3.
13:45 of 3rd period - Jason Spezza wins face-off versus Jason Allison in neutral zone.
14:10 of 3rd period - Michal Rozsival is hit by Mike Richards.
14:34 of 3rd period - Snap shot by Benoit Pouliot.
14:34 of 3rd period - Shot Misses the Net.
14:36 of 3rd period - Wrist shot by Jason Allison.
14:36 of 3rd period - Goal by Jason Allison - Red Wings : 3 - Jets : 4.
14:37 of 3rd period - Jason Spezza wins face-off versus Derek Roy in neutral zone.
14:44 of 3rd period - Slapshot by Kristian Huselius.
14:44 of 3rd period - Stopped by Jonathan Quick with a rebound.
14:46 of 3rd period - Snap shot by Kristian Huselius.
14:46 of 3rd period - Shot Blocked by Kim Johnsson.
14:48 of 3rd period - Snap shot by Tuomo Ruutu.
14:48 of 3rd period - Shot Misses the Net.
14:50 of 3rd period - Wrist shot by Tuomo Ruutu.
14:50 of 3rd period - Stopped by Jonathan Quick without a rebound.
14:51 of 3rd period - Jason Allison wins face-off versus Jason Spezza in Red Wings zone.
15:00 of 3rd period - Slapshot by Shea Weber.
15:00 of 3rd period - Deflect By Rick Nash.
15:00 of 3rd period - Deflect By Michal Rozsival.
15:00 of 3rd period - Shot Misses the Net.
15:00 of 3rd period - Puck is out of play.
15:01 of 3rd period - Jason Spezza wins face-off versus Daniel Alfredsson in Jets zone.
16:02 of 3rd period - Slapshot by Jason Spezza.
16:02 of 3rd period - Stopped by Maxime Daigneault with a rebound.
16:04 of 3rd period - Slapshot by Martin Havlat.
16:04 of 3rd period - Stopped by Maxime Daigneault without a rebound.
16:05 of 3rd period - Derek Roy wins face-off versus Mike Richards in Jets zone.
16:30 of 3rd period - Maxim Kondratiev is hit by Jussi Jokinen and loses puck.
18:31 of 3rd period - Jason Spezza is hit by Derek Roy and loses puck.
18:36 of 3rd period - Slapshot by Kristian Huselius.
18:36 of 3rd period - Stopped by Jonathan Quick with a rebound.
18:38 of 3rd period - Slapshot by Mike Commodore.
18:38 of 3rd period - Stopped by Jonathan Quick with a rebound.
18:40 of 3rd period - Slapshot by Tuomo Ruutu.
18:40 of 3rd period - Shot Misses the Net.
18:50 of 3rd period - Wrist shot by Mike Richards.
18:50 of 3rd period - Shot Hit the Post.
19:17 of 3rd period - Red Wings, Jonathan Quick is pulled from the net.
19:17 of 3rd period - Slapshot by Christian Backman.
19:17 of 3rd period - Stopped by Maxime Daigneault without a rebound.
19:18 of 3rd period - Terry Murray call a timeout for Red Wings.
19:18 of 3rd period - Greg Campbell wins face-off versus Mike Richards in Jets zone.
Goals for this period are 1 for Red Wings vs 3 for Jets.
Shots for this period are 16 for Red Wings vs 12 for Jets.
Output by the SimonT Hockey Simulator (STHS) for François Prévost -- Original Page W3C XHTML 1.0 Valid